 Dungeon Crawl Stone Soup version 0.30-a0-1160-g6e42c06551 (webtiles) character file.

Game seed: 2431014401726840099

432 IdlyInterested the Trooper (level 6, -1/52 HPs)
             Began as a Demonspawn Fighter on Apr 24, 2023.
             Slain by Edmund
             ... wielding a +1 flail of holy wrath
              (6 damage)
             ... on level 4 of the Dungeon on Apr 25, 2023.
             The game lasted 00:08:42 (3721 turns).

IdlyInterested the Trooper (Demonspawn Fighter)     Turns: 3721, Time: 00:08:43

Health: -1/52      AC:  7    Str: 16    XL:     6   Next: 67%
Magic:  6/6        EV: 11    Int: 10    God:
Gold:   320        SH:  5    Dex: 20    Spells: 5/5 levels left

rFire   + . .        a - +0 war axe
rCold   . . .        c - +0 buckler
rNeg    . . .        b - +0 scale mail
rPois   .            (no helmet)
rElec   .            (no cloak)
rCorr   .            (no gloves)
SInv    .            (no boots)
Will    .....        (no amulet)
Stlth   +            u - +6 ring of dexterity
HPRegen 0.28/turn    F - ring of protection from fire
MPRegen 0.10/turn

%: no passive effects
@: no status effects
A: repulsion field 1, weakness stinger 1
a: no special abilities


You were on level 4 of the Dungeon.
You visited 2 branches of the dungeon, and saw 5 of its levels.

You collected 320 gold pieces.

Inventory:

Hand Weapons
 a - a +0 war axe (weapon)
 d - a +4 flail
 f - a +2 dagger of flaming
 j - a +0 dagger of venom
 s - a +0 rapier
 A - a +0 trident
 G - a +0 hand axe
Missiles
 k - 28 stones (quivered)
Armour
 b - a +0 scale mail (worn)
 c - a +0 buckler (worn)
 o - a +0 ring mail
Jewellery
 u - a +6 ring of dexterity (left hand)
 v - an amulet of faith
 F - a ring of protection from fire (right hand)
Wands
 x - a wand of iceblast (3)
 y - a wand of polymorph (9)
 D - a wand of charming (10)
Scrolls
 h - 3 scrolls of teleportation {unknown}
 m - 2 scrolls of summoning {unknown}
 n - 2 scrolls of immolation {unknown}
 q - a scroll of blinking {unknown}
 r - 4 scrolls of identify {unknown}
 w - a scroll of acquirement {unknown}
 z - 2 scrolls of torment {unknown}
 E - a scroll of brand weapon {unknown}
Potions
 e - 2 potions of invisibility {unknown}
 g - 2 potions of attraction {unknown}
 i - 2 potions of magic {unknown}
 l - 3 potions of curing {unknown}
 p - a potion of haste {unknown}
 t - a potion of resistance {unknown}
 B - a potion of degeneration {unknown}
 C - 2 potions of brilliance {unknown}


   Skills:
 * Level 6.1 Fighting
 - Level 1.7 Axes
 - Level 1.0 Throwing
 - Level 4.0 Armour
 - Level 1.0 Dodging
 - Level 1.0 Stealth
 - Level 3.0 Shields
 - Level 1.0 Evocations


You had 5 spell levels left.
You didn't know any spells.
Your spell library contained the following spells:

 Spells                   Type           Power      Damage    Failure   Level
 Shock                    Conj/Air       0%         1d3       86%         1
 Swiftness                Air            0%         N/A       99%         3
 Volatile Blastmotes      Fire/Tloc      0%         2d10      99%         3
 Airstrike                Air            0%         2d(0-16)  100%        4
 Fulminant Prism          Conj/Hex       0%         3d5       100%        4
 Iskenderun's Mystic Bla  Conj/Tloc      0%         2d3       100%        4
 Lee's Rapid Deconstruct  Erth           0%         3d4*      100%        5


Dungeon Overview and Level Annotations

Branches:
Dungeon (4/15)             Temple (1/1) D:4

Altars:
Cheibriados
Dithmenos
Fedhas
Kikubaaqudgha
Okawaru
Ru
Trog
Uskayaw
Vehumet
Wu Jian
Xom
Yredelemnul

Annotations:
D:4 Edmund


Innate Abilities, Weirdness & Mutations

You are surrounded by a mild repulsion field. (EV +2)
You have a small tail.


Message History

a +0 dagger; a +0 whip; an orc corpse An adder comes into view.
You slash the adder!
You kill the adder!
You see here an adder corpse.
Edmund the Younger comes into view.
He is wielding a +1 flail of holy wrath.
Edmund shouts!
Edmund hits you with a +1 flail of holy wrath.
You convulse.
You closely miss Edmund.
Edmund hits you with a +1 flail of holy wrath.
You convulse.
You closely miss Edmund. You tail-slap Edmund, but do no damage.
Edmund hits you with a +1 flail of holy wrath.
You convulse.
Edmund closely misses you.
You barely miss Edmund. You tail-slap Edmund, but do no damage.
Edmund hits you but does no damage.
You slash Edmund!
Your tail-slap misses Edmund.
Edmund is lightly wounded.
Edmund misses you. Edmund barely misses you.
You hit Edmund but do no damage.
Edmund is lightly wounded.
Edmund hits you with a +1 flail of holy wrath.
You convulse.
You closely miss Edmund. You tail-slap Edmund, but do no damage.
Edmund is lightly wounded.
Edmund says, "People think my brother is the best.
I think he's crazy."
You block Edmund's attack. Edmund closely misses you.
You closely miss Edmund.
Your tail-slap misses Edmund.
Edmund is lightly wounded.
Edmund asks, "Have you met my wondrous brother?"
Edmund hits you with a +1 flail of holy wrath.
You convulse.
* * * LOW HITPOINT WARNING * * *
You barely miss Edmund.
Edmund is lightly wounded.
Edmund hits you with a +1 flail of holy wrath!
* * * LOW HITPOINT WARNING * * *
You convulse.
You die...

####.# #.##.#...###
#....# #....#......
#..#########.#####.##
#.#.........#.#....#
#.#.§≈≈≈≈≈≈.#.#...##
#.#§..≈≈≈..≈#.#.[.#
#.#≈.≈...≈.≈#[).#.###
#.#≈.≈._.≈.≈##.##...#
#.#≈@≈...≈.≈#........
#.#§@.≈§§§.≈##.##....
#.§≈≈≈≈≈§§##.##....
#.....§§§. #.##....
.######### ..##....
#. ..##.... ..
##...>... ###
######.. ####..


You could see Edmund.

Vanquished Creatures
  Sigmund (D:4)
  An orc priest (D:4)
  An iguana (D:3)
  Jessica (D:2)
  Natasha (thrice) (D:3)
  An adder (D:4)
  2 worms
  5 dart slugs
  3 orcs (D:4)
  10 ball pythons
  8 bats
  8 endoplasms
  5 giant cockroaches
  8 goblins
  2 hobgoblins
  6 jackals (D:2)
  8 kobolds
  2 quokkas (D:4)
  2 frilled lizards (D:1)
  7 rats
84 creatures vanquished.

Notes
Turn   | Place    | Note
-------+----------+-------------------------------------------
     0 | D:1      | IdlyInterested the Demonspawn Fighter began the quest for
                  | the Orb.
     0 | D:1      | Reached XP level 1. HP: 18/18 MP: 1/1
   199 | D:1      | Gained mutation: You have a small tail. [demonic ancestry]
   199 | D:1      | Reached XP level 2. HP: 24/24 MP: 2/2
   278 | D:1      | Reached skill level 1 in Throwing
   461 | D:1      | Reached XP level 3. HP: 20/29 MP: 3/3
   871 | D:2      | Reached skill level 1 in Dodging
   886 | D:2      | Noticed Jessica
   908 | D:2      | Killed Jessica
   909 | D:2      | Reached skill level 1 in Stealth
   909 | D:2      | Gained mutation: You are surrounded by a mild repulsion
                  | field. (EV +2) [demonic ancestry]
   909 | D:2      | Reached XP level 4. HP: 24/37 MP: 4/4
   963 | D:2      | Reached skill level 4 in Fighting
  1421 | D:3      | Found a sacrificial altar of Ru.
  1509 | D:3      | Noticed Natasha
  1529 | D:3      | Killed Natasha
  1914 | D:3      | Noticed Natasha
  1928 | D:3      | Killed Natasha
  1929 | D:3      | Reached XP level 5. HP: 36/43 MP: 5/5
  1942 | D:3      | Noticed Natasha
  1950 | D:3      | Killed Natasha
  1951 | D:3      | Reached skill level 1 in Evocations
  2303 | D:3      | Reached skill level 5 in Fighting
  2817 | D:4      | Found a blossoming altar of Fedhas.
  2975 | D:4      | Noticed Sigmund
  2991 | D:4      | Killed Sigmund
  2992 | D:4      | Reached XP level 6. HP: 22/52 MP: 6/6
  3108 | D:4      | Found a staircase to the Ecumenical Temple.
  3123 | Temple   | Entered the Ecumenical Temple
  3543 | D:4      | Reached skill level 6 in Fighting
  3665 | D:4      | Upgraded the game from 0.30-a0-1157-g2cc9ac7196 to
                  | 0.30-a0-1160-g6e42c06551
  3668 | D:4      | Found an ornate altar of the Wu Jian Council.
  3710 | D:4      | Noticed Edmund
  3721 | D:4      | Slain by Edmund

Illustrated notes

Levels and vault maps discovered:
D:1:      doesnt_arrival_eight_statues, layout_basic, minivault_11,
          minmay_misc_feat_room, dreamdust_wishing_well, st_stairs_9
D:2:      layout_rooms, basic_altar, nicolae_underground_beach, uniq_jessica
D:3:      layout_basic, lemuel_round_altar, uniq_natasha
D:4:      layout_loops_ring, mainiacjoe_overflow_paths, fedhas_altar_fruit_tree,
          minmay_temple_entry_offerings, uniq_sigmund, uniq_edmund
Temple:   chequers_temple_sunken

Skill      XL: |  1  2  3  4  5  6 |
---------------+-------------------+-----
Armour         | 3 4 |  4.0
Throwing       | 1 |  1.0
Shields        | 3 |  3.0
Dodging        | 1 |  1.0
Stealth        | 1 |  1.0
Fighting       | 4 5 6 |  6.1
Evocations     | 1 |  1.0
Axes           | |  1.7

Action                     |  1- 3 |  4- 6 || total
---------------------------+-------+-------++-------
  Melee: War axe           |    90 |   109 ||   199
         Tailslap          |     5 |    13 ||    18
         Unarmed           |       |    33 ||    33
  Throw: Stone             |    12 |     4 ||    16
    Use: Potion            |       |     1 ||     1
 Armour: Scale mail        |    57 |    35 ||    92
         Skin              |       |     3 ||     3
  Dodge: Dodged            |    42 |    75 ||   117
  Block: Buckler           |    27 |    36 ||    63

Table legend: (Time is in decaauts)
 A = Elapsed time spent in this place.
 B = Non-inter-level travel time spent in this place.
 C = Inter-level travel time spent in this place.
 D = Time resting spent in this place.
 E = Time spent auto-exploring this place.
 F = Levels seen in this place.
 G = Mean time per level.
                   A        B        C        D        E       F      G
               +--------+--------+--------+--------+--------+-----+--------+
         Total |   3869 |   3525 |    344 |    502 |   2130 |   5 |  773.8 |
       Dungeon |   3626 |   3315 |    311 |    502 |   1928 |   4 |  906.5 |
        Temple |    243 |    210 |     33 |      0 |    202 |   1 |  243.0 |
               +--------+--------+--------+--------+--------+-----+--------+

Top non-repeatable levels by time:
     D:3: 1253 daAuts
     D:4: 931 daAuts
     D:1: 821 daAuts
     D:2: 620 daAuts
  Temple: 243 daAuts
